 Dungeon Crawl Stone Soup version 0.31.0-9-g3a7656b989 (console) character file.

Game seed: 9114573009136800874

225 AlterAsc the Sneak (level 6, -5/32 HPs)
             Began as a Kobold Enchanter on Jan 28, 2024.
             Slain by an ogre
             ... wielding a +0 giant club
              (17 damage)
             ... on level 4 of the Dungeon.
             The game lasted 00:11:07 (3609 turns).

AlterAsc the Sneak (Kobold Enchanter)               Turns: 3609, Time: 00:11:07

Health: -5/32      AC:  5    Str:  5    XL:     6   Next: 21%
Magic:  4/10       EV: 15    Int: 16    God:
Gold:   165        SH:  0    Dex: 18    Spells: 3/11 levels left

rFire   . . .        j - +0 dagger (elec)
rCold   . . .        (no shield)
rNeg    . . .        b - +0 robe
rPois   .            (no helmet)
rElec   .            u - +2 cloak
rCorr   .            (no gloves)
SInv    .            (no boots)
Will    .....        (no amulet)
Stlth   ++++         (no ring)
HPRegen 0.25/turn    (no ring)
MPRegen 0.12/turn

%: no passive effects
@: no status effects
A: small, no large weapons, nightstalker 3
a: no special abilities


You were on level 4 of the Dungeon.
You visited 1 branch of the dungeon, and saw 4 of its levels.

You collected 165 gold pieces.

Inventory:

Hand Weapons
 a - a +1 dagger
 j - a +0 dagger of electrocution (weapon)
Armour
 b - a +0 robe (worn)
 i - a +0 chain mail of fire resistance
 p - a +0 cloak
 u - a +2 cloak (worn)
Scrolls
 d - a scroll of silence {unknown}
 e - a scroll of immolation {unknown}
 g - 6 scrolls of identify {unknown}
 h - 2 scrolls of poison {unknown}
 m - a scroll of butterflies {unknown}
 n - 2 scrolls of teleportation {unknown}
 s - a scroll of enchant armour {unknown}
 t - a scroll of blinking {unknown}
Potions
 c - a potion of invisibility
 f - a potion of heal wounds {unknown}
 k - a potion of resistance {unknown}
 l - a potion of berserk rage {unknown}
 o - a potion of lignification {unknown}
 q - a potion of might {unknown}
 r - a potion of cancellation {unknown}
 v - a potion of magic {unknown}


   Skills:
 - Level 1.5 Short Blades
 - Level 2.4 Dodging
 + Level 6.0 Stealth
 - Level 3.0 Spellcasting
 + Level 5.0 Hexes
 - Level 1.0 Ice Magic


You had 3 spell levels left.
You knew the following spells:

 Your Spells              Type           Power      Damage    Failure   Level
a - Ensorcelled Hibernat  Hex/Ice        24%        N/A       9%          2
b - Confusing Touch       Hex            18%        N/A       7%          3
c - Tukima's Dance        Hex            18%        N/A       7%          3

Your spell library contained the following spells:

 Spells                   Type           Power      Damage    Failure   Level
 Magic Dart               Conj           8%         1d3       19%         1
 Summon Small Mammal      Summ           8%         N/A       19%         1
 Dazzling Flash           Conj/Hex       20%        N/A       21%         3
 Blink                    Tloc           4%         N/A       28%         2
 Call Imp                 Summ           4%         N/A       28%         2
 Ozocubu's Armour         Ice            5%         N/A       36%         3
 Call Canine Familiar     Summ           2%         N/A       50%         3
 Metabolic Englaciation   Hex/Ice        6%         N/A       83%         5
 Summon Blazeheart Golem  Fire/Summ      2%         N/A       88%         4
 Sculpt Simulacrum        Ice/Alch       2%         N/A       100%        6


Dungeon Overview and Level Annotations

Branches:
Dungeon (4/15)
 Temple: D:4-7

Altars:
Elyvilon
Ru
Wu Jian


Innate Abilities, Weirdness & Mutations

You are small and have problems with some larger weapons.
You are completely attuned to the shadows.


Message History

You hit the hound but do no damage.
The hound is severely wounded.
The hound completely misses you.
You hit the hound but do no damage. Lightning courses through the hound!!
You kill the hound!
Your Stealth skill increases to level 6!
Your Hexes skill increases to level 5!
An ogre is nearby!
Casting: Ensorcelled Hibernation (safe; 9% risk of failure)
Confirm with . or Enter, or press ? or * to list all spells.
Aiming: Ensorcelled Hibernation (safe; 9% risk of failure)
Press: ? - help, Shift-Dir - straight line, f - ogre
Aim: an ogre, wielding a +0 giant club (wandering, hasn't noticed you, chance to affect: 46%)
Okay, then.
The ogre shouts!
You hit the ogre.
The ogre is lightly wounded.
The ogre misses you.
Casting: Ensorcelled Hibernation (safe; 9% risk of failure)
Confirm with . or Enter, or press ? or * to list all spells.
Aiming: Ensorcelled Hibernation (safe; 9% risk of failure)
Press: ? - help, Shift-Dir - straight line, f - ogre
Aim: an ogre, wielding a +0 giant club (lightly wounded, chance to affect: 46%)
The ogre resists with some effort.
Casting: Ensorcelled Hibernation (safe; 9% risk of failure)
Confirm with . or Enter, or press ? or * to list all spells.
Aiming: Ensorcelled Hibernation (safe; 9% risk of failure)
Press: ? - help, Shift-Dir - straight line, f/p - ogre
Aim: an ogre, wielding a +0 giant club (lightly wounded, chance to affect: 46%)
The ogre resists with some effort.
The ogre hits you with a +0 giant club!!
Ouch! That really hurt!
Casting: Ensorcelled Hibernation (safe; 9% risk of failure)
Confirm with . or Enter, or press ? or * to list all spells.
Aiming: Ensorcelled Hibernation (safe; 9% risk of failure)
Press: ? - help, Shift-Dir - straight line, f/p - ogre
Aim: an ogre, wielding a +0 giant club (lightly wounded, chance to affect: 46%)
The ogre resists with some effort.
The ogre hits you with a +0 giant club!
Ouch! That really hurt!
You die...

# ####.#### #.......# ## #.#
##...g.#### .# #.########...#...#
.# #.....##.........#
.########..##..#.#....####
...##....#.##..#.........########
.#.##...###......................
.#.>...## ##.......#.....########
######..###.#..#..###.####
#.#.#.##..O...#..#
##.##.#####.@##...# #...###
#.......### #...# #.#..##.# #...#
#.#.....# #####...#####.#.##..#
#...<.......#.#.##..###
...........)...........
#...........######.#### ###
#####...###..## #.# #..
###...........# #.# #.#
~~~.#...#.....# #.# #.#


You could see an ogre.

Vanquished Creatures
  2 hounds (D:4)
  An orc wizard (D:4)
  4 gnolls
  An adder (D:2)
  A dart slug (D:1)
  A ribbon worm (D:3)
  5 orcs
  6 ball pythons
  5 endoplasms
  3 giant cockroaches
  14 goblins
  6 hobgoblins
  2 quokkas
  4 bats
  7 frilled lizards
  13 kobolds
  4 rats
79 creatures vanquished.

Vanquished Creatures (others)
  An orc (D:4)
1 creature vanquished.

Grand Total: 80 creatures vanquished

Notes
Turn   | Place    | Note
-------+----------+-------------------------------------------
     0 | D:1      | AlterAsc the Kobold Enchanter began the quest for the Orb.
     0 | D:1      | Reached XP level 1. HP: 10/10 MP: 3/3
   140 | D:1      | Reached XP level 2. HP: 15/15 MP: 5/5
   143 | D:1      | Learned a level 2 spell: Ensorcelled Hibernation
   465 | D:1      | Reached XP level 3. HP: 18/19 MP: 6/6
   469 | D:1      | Found a faded altar of an unknown god.
   995 | D:2      | Reached XP level 4. HP: 24/24 MP: 7/7
  1122 | D:2      | Reached skill level 5 in Stealth
  1507 | D:2      | Reached XP level 5. HP: 25/28 MP: 5/8
  2154 | D:3      | Learned a level 3 spell: Confusing Touch
  2158 | D:3      | Learned a level 3 spell: Tukima's Dance
  2337 | D:3      | Reached skill level 1 in Ice Magic
  2947 | D:4      | Found an ornate altar of the Wu Jian Council.
  3026 | D:4      | Noticed an ogre
  3354 | D:4      | Reached XP level 6. HP: 25/32 MP: 5/10
  3558 | D:4      | Found a white marble altar of Elyvilon.
  3558 | D:4      | Found a sacrificial altar of Ru.
  3586 | D:4      | Reached skill level 6 in Stealth
  3586 | D:4      | Reached skill level 5 in Hexes
  3609 | D:4      | Slain by an ogre

Illustrated notes

Levels and vault maps discovered:
D:1:      roderic_octagonal_star, layout_basic,
          ebering_ecumenical_altar_sacrificial
D:2:      layout_rooms
D:3:      layout_loops_cross
D:4:      wander_river, layout_loops_cross, marbit_many_paths,
          chequers_temple_overflow_statue_of_worship

Skill      XL: |  1  2  3  4  5  6 |
---------------+-------------------+-----
Hexes          | 4 5 |  5.0
Stealth        | 5 6 |  6.0
Ice Magic      | 1 |  1.0
Spellcasting   | 3 |  3.0
Short Blades   | |  1.5
Dodging        | |  2.4

Action                     |  1- 3 |  4- 6 || total
---------------------------+-------+-------++-------
  Melee: Dagger            |    92 |   125 ||   217
   Cast: Ensorcelled Hiber |     2 |    27 ||    29
         Confusing Touch   |       |     2 ||     2
         Tukima's Dance    |       |     1 ||     1
    Use: Potion            |       |     1 ||     1
   Stab: Sleeping          |    17 |    24 ||    41
         Distracted        |       |     1 ||     1
         Confused          |       |     1 ||     1
 Armour: Robe              |    29 |    68 ||    97
  Dodge: Dodged            |    67 |    95 ||   162
